TOP OF THE 1ST |
Wisconsin Rapids Timber Rattlers batting - Pitching for Waterloo Hawks : LHP Richard Spanton
|
Pitching: LHP Richard Spanton
|
|
Batting: RHB Tom Howser
|
0-0: Bunt missed! 0-1: Swinging Strike 0-2: Ball 1-2: Foul Ball, location: 2F 1-2: Ball 2-2: Ball 3-2: Base on Balls
|
Batting: LHB Steve Macko
|
0-0: SINGLE (Line Drive, 56D, EV 105.0 MPH) Tom Howser to second
|
Batting: RHB Vincent Bienek
|
0-0: Ball 1-0: Ball 2-0: Called Strike 2-1: Foul Ball, location: 2F 2-2: Fly out, F9 (Flyball, 9D, EV 90.0 MPH) Runner from 2nd tags up, SAFE at 3rd, no throw by RF
|
Batting: RHB Charles Stafford
|
0-0: Ball 1-0: Foul Ball, location: 2F 1-1: Swinging Strike 1-2: Ball 2-2: Foul Ball, location: 2F 2-2: Ball 3-2: Strikes out swinging
|
Batting: LHB Richard Berg
|
0-0: Fielders Choice at 2nd, 5-4 (Groundball, 5, EV 94.4 MPH)
|
Top of the 1st over - 0 runs, 1 hit, 0 errors, 2 left on base; Wisconsin Rapids 0 - Waterloo 0 |
BOTTOM OF THE 1ST |
Waterloo Hawks batting - Pitching for Wisconsin Rapids Timber Rattlers : LHP Raul Morales
|
Pitching: LHP Raul Morales
|
|
Batting: RHB Aurin Matos
|
0-0: Fly out, F8 (Flyball, 78S, EV 90.0 MPH)
|
Batting: LHB Ivan Rivera
|
0-0: Ball 1-0: Ball 2-0: Ball 3-0: Called Strike 3-1: Base on Balls
|
Batting: LHB Mike LaValliere
|
0-0: Ball 1-0: Ball 2-0: Fielders Choice at 2nd, 4-6 (Groundball, 4, EV 100.0 MPH)
|
Batting: RHB Carmelo Aguayo
|
0-0: Fly out, F8 (Flyball, 8LS, EV 76.9 MPH)
|
Bottom of the 1st over - 0 runs, 0 hits, 0 errors, 1 left on base; Wisconsin Rapids 0 - Waterloo 0 |
TOP OF THE 2ND |
Wisconsin Rapids Timber Rattlers batting - Pitching for Waterloo Hawks : LHP Richard Spanton
|
Batting: RHB Barbaro Garbey
|
0-0: Ball 1-0: Called Strike 1-1: Ball 2-1: Foul Ball, location: 2F 2-2: Ball 3-2: Foul Ball, location: 2F 3-2: SINGLE (Line Drive, 78S, EV 95.0 MPH)
|
Batting: RHB Mitchell Cipolla
|
0-0: Ball 1-0: SINGLE (Line Drive, 9LS, EV 101.9 MPH) Barbaro Garbey to second
|
Batting: LHB Jerry George
|
0-0: Foul Ball, location: 2F 0-1: Foul Ball, location: 2F 0-2: Strikes out looking
|
Batting: RHB Kelvin Chapman
|
0-0: Ball 1-0: Ball 2-0: Called Strike 2-1: Fly out, F8 (Flyball, 89D, EV 109.4 MPH) Runner from 2nd tags up, SAFE at 3rd, no throw by CF
|
Batting: RHB Tom Howser
|
0-0: SINGLE (Groundball, 25, EV 71.3 MPH) (infield hit) Barbaro Garbey scores Mitchell Cipolla to second
|
Batting: LHB Steve Macko
|
0-0: Called Strike 0-1: Ball 1-1: SINGLE (Flyball, 89S, EV 90.6 MPH) Mitchell Cipolla to third Tom Howser to second Runner from 3rd tries for Home, SAFE, throw by RF to home
|
Batting: RHB Vincent Bienek
|
0-0: Called Strike 0-1: Ball 1-1: Fly out, F9 (Flyball, 9, EV 88.8 MPH)
|
Top of the 2nd over - 2 runs, 4 hits, 0 errors, 2 left on base; Wisconsin Rapids 2 - Waterloo 0 |
BOTTOM OF THE 2ND |
Waterloo Hawks batting - Pitching for Wisconsin Rapids Timber Rattlers : LHP Raul Morales
|
Batting: RHB Jose Aguirre
|
0-0: Ground out 4-3 (Groundball, 4M, EV 99.4 MPH)
|
Batting: RHB Dan Whitmer
|
0-0: Called Strike 0-1: Foul Ball, location: 2F 0-2: Ball 1-2: Ball 2-2: Ball 3-2: Ground out 6-3 (Groundball, 6, EV 89.4 MPH)
|
Batting: RHB Michael Williams
|
0-0: Ball 1-0: Ball 2-0: Ball 3-0: Called Strike 3-1: Base on Balls
|
Batting: RHB David Cusack
|
0-0: Ball 1-0: DOUBLE (Line Drive, 8RXD, EV 102.5 MPH) Michael Williams to third Runner from 3rd tries for Home, SAFE, throw by CF to trailing runner, SAFE at third!
|
Batting: LHB Randall Curtis
|
0-0: Ball 1-0: Ball 2-0: Ground out 5-3 (Groundball, 5, EV 80.6 MPH)
|
Bottom of the 2nd over - 1 run, 1 hit, 0 errors, 1 left on base; Wisconsin Rapids 2 - Waterloo 1 |
TOP OF THE 3RD |
Wisconsin Rapids Timber Rattlers batting - Pitching for Waterloo Hawks : LHP Richard Spanton
|
Batting: RHB Charles Stafford
|
0-0: Ball 1-0: Swinging Strike 1-1: Ball 2-1: Ball 3-1: Base on Balls
|
Batting: LHB Richard Berg
|
0-0: Called Strike 0-1: Foul Ball, location: 2F 0-2: Ball 1-2: Foul Ball, location: 2F 1-2: Ball 2-2: Foul Ball, location: 2F 2-2: Hit by Pitch Charles Stafford to second
|
Batting: RHB Barbaro Garbey
|
0-0: Foul Ball, location: 2F 0-1: Ball 1-1: Ball 2-1: Ground out 6-3 (Groundball, 6S, EV 63.8 MPH) Charles Stafford to third Richard Berg to second
|
Batting: RHB Mitchell Cipolla
|
0-0: Ball 1-0: Swinging Strike 1-1: Ball 2-1: Called Strike 2-2: Foul Ball, location: 2F 2-2: Fly out, F4 (Flyball, 4D, EV 86.3 MPH)
|
Batting: LHB Jerry George
|
0-0: Called Strike 0-1: Ball 1-1: Swinging Strike 1-2: Strikes out looking
|
Top of the 3rd over - 0 runs, 0 hits, 0 errors, 2 left on base; Wisconsin Rapids 2 - Waterloo 1 |
BOTTOM OF THE 3RD |
Waterloo Hawks batting - Pitching for Wisconsin Rapids Timber Rattlers : LHP Raul Morales
|
Batting: RHB Aurin Matos
|
0-0: Ball 1-0: Called Strike 1-1: Called Strike 1-2: Strikes out looking
|
Batting: LHB Ivan Rivera
|
0-0: Called Strike 0-1: Fly out, F9 (Line Drive, 9, EV 91.3 MPH)
|
Batting: LHB Mike LaValliere
|
0-0: Ball 1-0: Swinging Strike 1-1: Foul Ball, location: 2F 1-2: Foul Ball, location: 2F 1-2: Strikes out swinging
|
Bottom of the 3rd over - 0 runs, 0 hits, 0 errors, 0 left on base; Wisconsin Rapids 2 - Waterloo 1 |
TOP OF THE 4TH |
Wisconsin Rapids Timber Rattlers batting - Pitching for Waterloo Hawks : LHP Richard Spanton
|
Batting: RHB Kelvin Chapman
|
0-0: Swinging Strike 0-1: Swinging Strike 0-2: Ball 1-2: Foul Ball, location: 2F 1-2: Ball 2-2: Foul Ball, location: 2F 2-2: Strikes out looking
|
Batting: RHB Tom Howser
|
0-0: Foul Ball, location: 2F 0-1: Ball 1-1: Foul Ball, location: 2F 1-2: Foul Ball, location: 2F 1-2: Foul Ball, location: 2F 1-2: Foul Ball, location: 2F 1-2: Ground out 4-3 (Groundball, 4, EV 101.9 MPH)
|
Batting: LHB Steve Macko
|
0-0: Fly out, F8 (Flyball, 8LD, EV 90.0 MPH)
|
Top of the 4th over - 0 runs, 0 hits, 0 errors, 0 left on base; Wisconsin Rapids 2 - Waterloo 1 |
BOTTOM OF THE 4TH |
Waterloo Hawks batting - Pitching for Wisconsin Rapids Timber Rattlers : LHP Raul Morales
|
Batting: RHB Carmelo Aguayo
|
0-0: DOUBLE (Line Drive, 9LM, EV 95.6 MPH)
|
Batting: RHB Jose Aguirre
|
0-0: Swinging Strike 0-1: Fly out, F8 (Flyball, 89D, EV 91.3 MPH) Runner from 2nd tags up, SAFE at 3rd, no throw by CF
|
Batting: RHB Dan Whitmer
|
0-0: Called Strike 0-1: Ground out 5-3 (Groundball, 56S, EV 85.0 MPH) Carmelo Aguayo scores
|
Batting: RHB Michael Williams
|
0-0: Ground out 6-3 (Groundball, 6, EV 85.6 MPH)
|
Bottom of the 4th over - 1 run, 1 hit, 0 errors, 0 left on base; Wisconsin Rapids 2 - Waterloo 2 |
TOP OF THE 5TH |
Wisconsin Rapids Timber Rattlers batting - Pitching for Waterloo Hawks : LHP Richard Spanton
|
Batting: RHB Vincent Bienek
|
0-0: Foul Ball, location: 2F 0-1: DOUBLE (Line Drive, 9LM, EV 104.4 MPH)
|
Batting: RHB Charles Stafford
|
0-0: Ball 1-0: Ball 2-0: Ball 3-0: Called Strike 3-1: Foul Ball, location: 2F 3-2: Foul Ball, location: 2F 3-2: Foul Ball, location: 2F 3-2: Base on Balls
|
Batting: LHB Richard Berg
|
0-0: Fielders Choice at 2nd, 6-4 (Groundball, 6, EV 102.5 MPH) Vincent Bienek to third
|
Batting: RHB Barbaro Garbey
|
0-0: Ball 1-0: Called Strike 1-1: Fly out, F8 (Flyball, 8LS, EV 72.5 MPH) Runner from 3rd tags up, OUT at HOME! 8-2
|
Top of the 5th over - 0 runs, 1 hit, 0 errors, 1 left on base; Wisconsin Rapids 2 - Waterloo 2 |
BOTTOM OF THE 5TH |
Waterloo Hawks batting - Pitching for Wisconsin Rapids Timber Rattlers : LHP Raul Morales
|
Batting: RHB David Cusack
|
0-0: Foul Ball, location: 2F 0-1: Swinging Strike 0-2: Strikes out swinging
|
Batting: LHB Randall Curtis
|
0-0: Ball 1-0: Ball 2-0: Called Strike 2-1: Ball 3-1: Swinging Strike 3-2: Base on Balls
|
Batting: RHB Aurin Matos
|
0-0: Foul Ball, location: 2F 0-1: Ball 1-1: Foul Ball, location: 2F 1-2: Fly out, F8 (Flyball, 8RXD, EV 103.1 MPH)
|
Batting: LHB Ivan Rivera
|
0-0: Ball 1-0: Called Strike 1-1: Ball 2-1: Ball 3-1: Base on Balls Randall Curtis to second
|
Batting: LHB Mike LaValliere
|
0-0: Ball 1-0: Called Strike 1-1: Called Strike 1-2: Ball 2-2: Strikes out swinging
|
Bottom of the 5th over - 0 runs, 0 hits, 0 errors, 2 left on base; Wisconsin Rapids 2 - Waterloo 2 |
TOP OF THE 6TH |
Wisconsin Rapids Timber Rattlers batting - Pitching for Waterloo Hawks : LHP Richard Spanton
|
Batting: RHB Mitchell Cipolla
|
0-0: Called Strike 0-1: Ball 1-1: Ball 2-1: Called Strike 2-2: Strikes out swinging
|
Batting: LHB Jerry George
|
0-0: Called Strike 0-1: Foul Ball, location: 2F 0-2: Ball 1-2: Foul Ball, location: 2F 1-2: Ball 2-2: Strikes out swinging
|
Batting: RHB Kelvin Chapman
|
0-0: Swinging Strike 0-1: Ball 1-1: Ball 2-1: Fly out, F8 (Line Drive, 8LD, EV 84.4 MPH)
|
Top of the 6th over - 0 runs, 0 hits, 0 errors, 0 left on base; Wisconsin Rapids 2 - Waterloo 2 |
BOTTOM OF THE 6TH |
Waterloo Hawks batting - Pitching for Wisconsin Rapids Timber Rattlers : LHP Raul Morales
|
Batting: RHB Carmelo Aguayo
|
0-0: Ground out U3 (Groundball, 3S, EV 86.9 MPH)
|
Batting: RHB Jose Aguirre
|
0-0: Fly out, F4 (Line Drive, 4, EV 68.1 MPH)
|
Batting: RHB Dan Whitmer
|
0-0: Ball 1-0: Ground out 6-3 (Groundball, 6, EV 94.4 MPH)
|
Bottom of the 6th over - 0 runs, 0 hits, 0 errors, 0 left on base; Wisconsin Rapids 2 - Waterloo 2 |
TOP OF THE 7TH |
Wisconsin Rapids Timber Rattlers batting - Pitching for Waterloo Hawks : LHP Richard Spanton
|
Batting: RHB Tom Howser
|
0-0: Foul Ball, location: 2F 0-1: Swinging Strike 0-2: Ball 1-2: Fly out, F7 (Flyball, 7LS, EV 88.8 MPH)
|
Batting: LHB Steve Macko
|
0-0: Ball 1-0: Fly out, F8 (Flyball, 8RM, EV 91.3 MPH)
|
Batting: RHB Vincent Bienek
|
0-0: Ball 1-0: Foul Ball, location: 2F 1-1: Ground out 1-3 (Groundball, P, EV 93.1 MPH)
|
Top of the 7th over - 0 runs, 0 hits, 0 errors, 0 left on base; Wisconsin Rapids 2 - Waterloo 2 |
BOTTOM OF THE 7TH |
Waterloo Hawks batting - Pitching for Wisconsin Rapids Timber Rattlers : LHP Raul Morales
|
Batting: RHB Michael Williams
|
0-0: Called Strike 0-1: Ball 1-1: Ball 2-1: Fly out, F9 (Flyball, 9LS, EV 91.3 MPH)
|
Batting: RHB David Cusack
|
0-0: Called Strike 0-1: Ball 1-1: Called Strike 1-2: Ground out 4-3 (Groundball, 4MS, EV 81.3 MPH)
|
Batting: LHB Randall Curtis
|
0-0: Foul Ball, location: 2F 0-1: Ball 1-1: Swinging Strike 1-2: Ball 2-2: Strikes out swinging
|
Bottom of the 7th over - 0 runs, 0 hits, 0 errors, 0 left on base; Wisconsin Rapids 2 - Waterloo 2 |
TOP OF THE 8TH |
Wisconsin Rapids Timber Rattlers batting - Pitching for Waterloo Hawks : LHP Richard Spanton
|
Batting: RHB Charles Stafford
|
0-0: Fly out, F7 (Flyball, 7LM, EV 83.1 MPH)
|
Batting: LHB Richard Berg
|
0-0: Ball 1-0: DOUBLE (Flyball, 8RD, EV 105.6 MPH)
|
Batting: RHB Barbaro Garbey
|
0-0: Ball 1-0: SINGLE (Groundball, 56D, EV 99.4 MPH) Richard Berg to third Runner from 3rd tries for Home, SAFE, throw by LF to home
|
Batting: RHB Mitchell Cipolla
|
0-0: Foul Ball, location: 2F 0-1: Called Strike 0-2: Ball 1-2: Ball 2-2: Ball 3-2: Foul Ball, location: 2F 3-2: Base on Balls Barbaro Garbey to second
|
Batting: LHB Jerry George
|
0-0: Called Strike Barbaro Garbey is caught stealing 3rd base 2-5 Mitchell Cipolla to second 0-1: Ball 1-1: Swinging Strike 1-2: Strikes out looking
|
Top of the 8th over - 1 run, 2 hits, 0 errors, 1 left on base; Wisconsin Rapids 3 - Waterloo 2 |
BOTTOM OF THE 8TH |
Waterloo Hawks batting - Pitching for Wisconsin Rapids Timber Rattlers : LHP Raul Morales
|
Batting: RHB Aurin Matos
|
0-0: Foul Ball, location: 2F 0-1: Foul Ball, location: 2F 0-2: SOLO HOME RUN (Flyball, 7LD, EV 87.5 MPH), Distance : 352 ft
|
Batting: LHB Ivan Rivera
|
0-0: Swinging Strike 0-1: Swinging Strike 0-2: Foul Ball, location: 2F 0-2: Strikes out swinging
|
Batting: LHB Mike LaValliere
|
0-0: Called Strike 0-1: Swinging Strike 0-2: Ball 1-2: Ball 2-2: Ground out 4-3 (Groundball, 4, EV 81.9 MPH)
|
Batting: RHB Carmelo Aguayo
|
0-0: Called Strike 0-1: Ball 1-1: Foul Ball, location: 2F 1-2: Ground out 6-3 (Groundball, 6, EV 80.0 MPH)
|
Bottom of the 8th over - 1 run, 1 hit, 0 errors, 0 left on base; Wisconsin Rapids 3 - Waterloo 3 |
TOP OF THE 9TH |
Wisconsin Rapids Timber Rattlers batting - Pitching for Waterloo Hawks : LHP Richard Spanton
|
Pinch Hitting: RHB Guy Sularz
|
0-0: Ball 1-0: Ball 2-0: SINGLE (Groundball, 4MD, EV 100.6 MPH)
|
Batting: RHB Tom Howser
|
0-0: Ball 1-0: Fielders Choice at 2nd, 4-6 (Groundball, 4, EV 102.5 MPH)
|
Pinch Hitting: RHB Bill Worden
|
0-0: Ball 1-0: Ball 2-0: Called Strike 2-1: Fly out, F7 (Line Drive, 7D, EV 105.6 MPH)
|
Batting: RHB Vincent Bienek
|
0-0: Ball 1-0: Ball 2-0: Foul Ball, location: 2F 2-1: Fly out, F7 (Flyball, 7LS, EV 91.3 MPH)
|
Top of the 9th over - 0 runs, 1 hit, 0 errors, 1 left on base; Wisconsin Rapids 3 - Waterloo 3 |
BOTTOM OF THE 9TH |
Waterloo Hawks batting - Pitching for Wisconsin Rapids Timber Rattlers : LHP Raul Morales
|
Pitching: LHP Andres Acosta
|
|
Now at 3B: Bill Worden
|
|
Now at SS: Guy Sularz
|
|
Batting: RHB Jose Aguirre
|
0-0: Called Strike 0-1: Ball 1-1: Ball 2-1: Ball 3-1: Base on Balls
|
Batting: RHB Dan Whitmer
|
0-0: Grounds into double play, 4-6-3 (Groundball, 4, EV 90.0 MPH)
|
Batting: RHB Michael Williams
|
0-0: Ball 1-0: Ball 2-0: Called Strike 2-1: Ball 3-1: Foul Ball, location: 2F 3-2: Foul Ball, location: 2F 3-2: Base on Balls
|
Batting: RHB David Cusack
|
0-0: Foul Ball, location: 2F 0-1: Called Strike 0-2: Ball 1-2: Strikes out swinging
|
Bottom of the 9th over - 0 runs, 0 hits, 0 errors, 1 left on base; Wisconsin Rapids 3 - Waterloo 3 |
TOP OF THE 10TH |
Wisconsin Rapids Timber Rattlers batting - Pitching for Waterloo Hawks : LHP Richard Spanton
|
Batting: RHB Charles Stafford
|
0-0: Ball 1-0: Foul Ball, location: 2F 1-1: Ball 2-1: Ground out 4-3 (Groundball, 4M, EV 103.8 MPH)
|
Batting: LHB Richard Berg
|
0-0: Called Strike 0-1: Ball 1-1: Ground out 4-3 (Groundball, 4, EV 88.1 MPH)
|
Batting: RHB Barbaro Garbey
|
0-0: Ball 1-0: Ground out 5-3 (Groundball, 56, EV 80.6 MPH)
|
Top of the 10th over - 0 runs, 0 hits, 0 errors, 0 left on base; Wisconsin Rapids 3 - Waterloo 3 |
BOTTOM OF THE 10TH |
Waterloo Hawks batting - Pitching for Wisconsin Rapids Timber Rattlers : LHP Andres Acosta
|
Pitching: RHP Garry Grafton
|
|
Pinch Hitting: LHB Bruce Humphrey
|
0-0: Ball 1-0: Foul Ball, location: 2F 1-1: Ground out 5-3 (Groundball, 56S, EV 90.6 MPH)
|
Batting: RHB Aurin Matos
|
0-0: Fly out, F8 (Flyball, 8RM, EV 89.4 MPH)
|
Batting: LHB Ivan Rivera
|
0-0: Ground out U3 (Groundball, 3, EV 105.0 MPH)
|
Bottom of the 10th over - 0 runs, 0 hits, 0 errors, 0 left on base; Wisconsin Rapids 3 - Waterloo 3 |
TOP OF THE 11TH |
Wisconsin Rapids Timber Rattlers batting - Pitching for Waterloo Hawks : LHP Richard Spanton
|
Now at SS: Weston Mitchell
|
|
Batting: RHB Mitchell Cipolla
|
0-0: Fly out, F7 (Flyball, 7LS, EV 90.6 MPH)
|
Batting: LHB Jerry George
|
0-0: Ball 1-0: Called Strike 1-1: SINGLE (Flyball, 8LS, EV 96.3 MPH)
|
Batting: RHB Guy Sularz
|
0-0: Ball 1-0: Ball 2-0: Ball Pickoff Throw by Catcher to First - Error! E2 Jerry George to second 3-0: Base on Balls
|
Batting: RHB Tom Howser
|
0-0: Ball 1-0: Foul Ball, location: 2F 1-1: Ball 2-1: SINGLE (Groundball, 6MD, EV 96.3 MPH) Jerry George to third Guy Sularz to second Runner from 3rd tries for Home, SAFE, throw by CF to home
|
Pitching: RHP James Smith
|
|
Batting: RHB Bill Worden
|
0-0: Called Strike 0-1: Swinging Strike 0-2: Ball 1-2: Strikes out swinging
|
Batting: RHB Vincent Bienek
|
0-0: Called Strike 0-1: Fly out, F7 (Flyball, 7, EV 91.9 MPH)
|
Top of the 11th over - 1 run, 2 hits, 1 error, 2 left on base; Wisconsin Rapids 4 - Waterloo 3 |
BOTTOM OF THE 11TH |
Waterloo Hawks batting - Pitching for Wisconsin Rapids Timber Rattlers : RHP Garry Grafton
|
Now at 1B: Curtis Morgan
|
|
Batting: LHB Mike LaValliere
|
0-0: SINGLE (Flyball, 4D, EV 86.3 MPH)
|
Batting: RHB Carmelo Aguayo
|
0-0: Ball 1-0: Ball 2-0: Grounds into double play, 5-4-3 (Groundball, 56, EV 80.6 MPH)
|
Batting: RHB Jose Aguirre
|
0-0: Swinging Strike 0-1: Ball 1-1: Fly out, F9 (Flyball, 9, EV 90.0 MPH)
|
Bottom of the 11th over - 0 runs, 1 hit, 0 errors, 0 left on base; Wisconsin Rapids 4 - Waterloo 3 |
|